 Dungeon Crawl Stone Soup version 0.23.2-1-ga50397a6bc (console) character file.

Game seed: 7374660653258969445

74 Dragon00 the Skirmisher (level 4, -2/41 HPs)
             Began as a Minotaur Berserker on May 8, 2019.
             Was a Believer of Trog.
             Slain by Sigmund
             ... wielding a +0 scythe
              (7 damage)
             ... on level 2 of the Dungeon.
             The game lasted 00:14:30 (1042 turns).

Dragon00 the Skirmisher (Minotaur Berserker)        Turns: 1042, Time: 00:14:34

Health: -2/41      AC:  3    Str: 23    XL:     4   Next: 9%
Magic:  3/3        EV: 12    Int:  4    God:    Trog [**....]
Gold:   52         SH:  0    Dex:  9    Spells: 3/3 levels left

rFire    . . .     SeeInvis .   a - +1 hand axe
rCold    . . .     Gourm    .   (no shield)
rNeg     . . .     Faith    .   b - +0 animal skin
rPois    .         Spirit   .   (helmet restricted)
rElec    .         Reflect  .   d - +0 cloak
rCorr    .         Harm     .   (no gloves)
MR       .....                  (no boots)
Stlth    +.........             (no amulet)
HPRegen  0.13/turn              (no ring)
MPRegen  0.08/turn              (no ring)

@: confused, lethally poisoned (-2 -> -8), berserk cooldown, slowed, very slow
A: retaliatory headbutt, horns 2, mutation resistance 2
a: Berserk, Trog's Hand, Renounce Religion


You were on level 2 of the Dungeon.
You worshipped Trog.
Trog was pleased with you.
You were very hungry.

You visited 1 branch of the dungeon, and saw 2 of its levels.

You collected 52 gold pieces.

Inventory:

Hand Weapons
 a - a +1 hand axe (weapon)
Armour
 b - a +0 animal skin (worn)
 d - a +0 cloak (worn)
Scrolls
 g - a scroll of teleportation
Comestibles
 c - 3 rations
 f - 3 chunks of flesh


   Skills:
 * Level 4.6 Fighting
 * Level 4.5 Axes
 + Level 3.1 Armour
 + Level 2.8 Dodging


You had 3 spell levels left.
You didn't know any spells.
Your spell library was empty.

Dungeon Overview and Level Annotations

Branches:
Dungeon (2/15)

Altars:

Annotations:
D:2 Sigmund


Innate Abilities, Weirdness & Mutations

You reflexively headbutt those who attack you in melee.
You have a pair of horns on your head.
You are somewhat resistant to both further mutation and mutation removal.


Message History

Okay, then.
Okay, then.
Really quaff the potion of mutation?
Uppercase [Y]es or [N]o only, please.
Really quaff the potion of mutation?
You feel extremely strange. The horns on your head shrink a bit.
You feel genetically stable.
* * * LOW HITPOINT WARNING * * *
You feel sick. Something hits you but does no damage.
The goblin closely misses you. You furiously retaliate!
You headbutt the goblin!
You kill the goblin!
Trog accepts your kill.
You barely miss something. You hit the plant but do no damage.
You hit the bush but do no damage. You hit the plant but do no damage.
You hit the bush.
You hear some strange, mumbled words.
You are confused.
Something hits you!
You die...

.....## ......# ...
......# ##... ......#
##.... .....## ##.... .
.....## ##..P♣ ...
......### #.P.♣ ♣....
........# ##.PP♣P.....
......#.## ##...@{.P....
♣.♣..##..###...)PP......
♣.♣..###.......♣..P.....
♣)♣#.# #####...♣♣.......
♣.♣#.## #..P♣ .......
♣.♣#..# ##P♣P P......
♣.♣ #.# ##. P..###. #.#
#.# ##### .. ####
..###.##..... ...


There were no monsters in sight!

Vanquished Creatures
  4 adders (D:2)
  An ooze (D:1)
  2 dart slugs (D:1)
  2 bats (D:1)
  A giant cockroach (D:2)
  5 goblins
  3 hobgoblins (D:1)
  3 jackals (D:1)
  3 kobolds
  2 frilled lizards (D:1)
  4 rats (D:1)
30 creatures vanquished.

Notes
Turn   | Place    | Note
-------+----------+-------------------------------------------
     0 | D:1      | Dragon00 the Minotaur Berserker began the quest for the
                  | Orb.
     0 | D:1      | Reached XP level 1. HP: 19/19 MP: 0/0
     7 | D:1      | Gained mutation: You have a pair of large horns on your
                  | head. [potion of mutation]
     7 | D:1      | Gained mutation: You are somewhat resistant to further
                  | mutation. [potion of mutation]
    77 | D:1      | Reached XP level 2. HP: 26/27 MP: 1/1
   481 | D:1      | Reached XP level 3. HP: 28/33 MP: 2/2
   969 | D:2      | Reached ** piety under Trog
  1022 | D:2      | Noticed Sigmund
  1035 | D:2      | Reached XP level 4. HP: 39/41 MP: 3/3
  1041 | D:2      | Lost mutation: You have a pair of large horns on your head.
                  | [potion of mutation]
  1041 | D:2      | Gained mutation: You are somewhat resistant to both further
                  | mutation and mutation removal. [potion of mutation]
  1042 | D:2      | Slain by Sigmund

Skill      XL: |  1  2  3 |
---------------+----------+-----
Fighting       | 4 |  4.6
Axes           | 4 |  4.5
Armour         | 3 |  3.1
Dodging        | |  2.8

Action                   |  1- 3 |  4- 6 || total
-------------------------+-------+-------++-------
Melee: Hand axe          |    53 |     2 ||    55
       Headbutt          |     3 |     1 ||     4
Invok: Berserk           |     1 |       ||     1
  Use: Potion            |     5 |     1 ||     6
       Scroll            |     6 |       ||     6
Armor: Animal skin       |     1 |     2 ||     3
Dodge: Dodged            |    33 |     4 ||    37
